 Dungeon Crawl Stone Soup version 0.30-b1-2-g02819fbbbe (webtiles) character file.

Game seed: 3268342593007266777

1424 Farlane the Cleaver (level 8, -15/105 HPs)
             Began as a Hill Orc Monk on Dec 7, 2023.
             Was an Elder of Beogh (penitent).
             Killed by an exploding Argrim (39 damage)
             ... ignited by their inner flame
             ... on level 7 of the Dungeon.
             The game lasted 00:10:33 (6435 turns).

Farlane the Cleaver (Hill Orc Monk)                 Turns: 6435, Time: 00:10:33

Health: -15/105    AC: 24    Str: 22    XL:     8   Next: 72%
Magic:  12/12      EV:  2    Int: 10    God:    Beogh [****..]
Gold:   345        SH:  0    Dex: 13    Spells: 7/7 levels left

rFire   . . .        G - +2 battleaxe (elec)
rCold   . . .        (shield currently unavailable)
rNeg    . . .        H - melded +0 plate armour
rPois   +            (helmet currently unavailable)
rElec   .            (cloak currently unavailable)
rCorr   .            (gloves currently unavailable)
SInv    .            (boots currently unavailable)
Will    .....        A - amulet of the acrobat
Stlth   +            m - +6 ring of strength
HPRegen 0.37/turn    (no ring)
MPRegen 0.13/turn

%: acrobat
@: tree-form, acrobatic
A: stationary, stasis, torment immunity, boosted hp
a: Renounce Religion


You were on level 7 of the Dungeon.
You worshipped Beogh.
Beogh was demanding penance.
You were a tree.
You visited 1 branch of the dungeon, and saw 7 of its levels.

You collected 345 gold pieces.

Inventory:

Hand Weapons
 a - a +0 hand axe
 v - a +1 war axe
 G - a +2 battleaxe of electrocution (weapon)
Missiles
 l - a boomerang of dispersal (quivered)
 t - 3 curare-tipped darts
Armour
 b - a +0 robe
 d - an orb of light
 i - a +0 ring mail
 x - a +0 scale mail
 H - a +0 plate armour (melded)
Jewellery
 m - a +6 ring of strength (left branch)
 w - a +6 ring of intelligence
 A - an amulet of the acrobat (around neck)
Wands
 B - a wand of roots (6)
Scrolls
 n - a scroll of teleportation
 s - 2 scrolls of magic mapping {unknown}
 y - 3 scrolls of poison
 D - a scroll of identify
 E - a scroll of fear {unknown}
 F - a scroll of fog {unknown}
 I - a scroll of acquirement {unknown}
 K - a scroll of noise {unknown}
 L - a scroll of vulnerability {unknown}
Potions
 c - a potion of ambrosia
 e - 3 potions of might
 f - 2 potions of brilliance {unknown}
 g - a potion of attraction {unknown}
 k - a potion of magic {unknown}
 o - 2 potions of degeneration
 p - 2 potions of heal wounds {unknown}
 q - 2 potions of mutation {unknown}
 r - a potion of curing {unknown}
 u - a potion of invisibility {unknown}
 z - 2 potions of lignification
 C - a potion of cancellation {unknown}
 J - a potion of berserk rage {unknown}


   Skills:
 + Level 6.2 Fighting
 + Level 8.9 Axes
 + Level 5.3 Armour
 + Level 3.3 Dodging
 * Level 5.5 Invocations


You had 7 spell levels left.
You didn't know any spells.
Your spell library contained the following spells:

 Spells                   Type           Power      Damage    Failure   Level
 Apportation              Tloc           0%         N/A       36%         1
 Foxfire                  Conj/Fire      0%         2x1d4     36%         1
 Necrotise                Necr           0%         1d4       36%         1
 Sandblast                Erth           0%         2d4       36%         1
 Summon Small Mammal      Summ           0%         N/A       36%         1
 Passwall                 Tmut/Erth      0%         N/A       50%         2
 Stone Arrow              Conj/Erth      0%         3d7       75%         3


Dungeon Overview and Level Annotations

Branches:
Dungeon (7/15)
 Temple: D:4-7

Altars:
Cheibriados
Fedhas
Okawaru
Sif Muna
Trog
Uskayaw
Wu Jian

Shops:
D:6 [[(=:*

Annotations:
D:5 3 runed translucent doors, diceflayer's ghost, novice DsGl


Message History

Your roots penetrate the ground.
The centaur shoots an arrow.
The arrow hits you but does no damage.
The centaur shoots an arrow.
The arrow hits Argrim.
Argrim hits the centaur from afar with a +1 trident.
Throw: 2 boomerangs (disperse)
Press: ? - help, Q - select action, (/) - cycle Shift-Dir - straight line, f/p - centaur
Aim: a centaur, wielding a +0 shortbow (severely wounded, ally target, 71% to hit)
You throw a boomerang of dispersal.
The boomerang of dispersal hits the centaur and shatters for extra damage.
The centaur blinks!
The centaur shoots an arrow.
The arrow hits Argrim.
The centaur shoots an arrow.
The arrow hits Argrim!
Unknown command.
Throw: boomerang (disperse)
Press: ? - help, Q - select action, (/) - cycle Shift-Dir - straight line, f - centaur
Aim: a centaur, wielding a +0 shortbow (71% to hit)
Okay, then.
The centaur shoots an arrow.
The arrow closely misses Argrim.
The arrow hits you but does no damage.
Unknown command.
You cannot move.
As you read the scroll labelled MERORR LEDEZ, it crumbles to dust.
It is a scroll of enchant weapon.
Your +0 war axe glows red for a moment.
The centaur shoots an arrow.
The arrow hits Argrim!
Unknown command.
As you read the scroll labelled WAUXKI TUFO, it crumbles to dust.
The creatures around you are filled with an inner flame!
It was a scroll of immolation.
The centaur shoots an arrow.
The arrow barely misses Argrim.
The arrow hits you but does no damage.
The centaur shoots an arrow.
The arrow hits Argrim!
Flame seeps out of Argrim.
You feel very guilty. "You will pay for your transgression, mortal!"
Unknown command.
Unknown command.
The centaur shoots an arrow.
The arrow hits Argrim!
Flame seeps out of Argrim.
Argrim is engulfed in blazing flames.
Argrim the orc knight explodes!
The fiery explosion engulfs you!!!
You die...

.≈~≈≈ .~≈≈~
~≈~≈........ .≈≈~≈≈
≈~≈~≈....... .≈~≈≈~
./≈~≈~≈......#
.≈~≈c≈.?.≈c≈~≈......##
.≈~≈~≈...~≈≈~≈.....[.#
.≈~≈~≈~≈≈≈≈~≈≈#§§...#
.≈~≈~≈≈~~~~≈≈~§○§...##
.≈~≈≈~≈≈≈≈≈≈~≈§§♣....#
.≈≈~≈≈~~~~~~≈≈.).....#
.~≈≈~≈≈≈≈≈≈≈≈~.......#
....#....#....#.....##
....##...#.#####...##
...)##......# #####
.##....#....#
####...###.##
###....#####


You could see a centaur (inner flame).

Vanquished Creatures
  An orc knight (D:7)
  An orc warrior (D:6)
  A black bear (D:6)
  An ice beast (D:7)
  A phantom (D:5)
  A bullfrog (D:6)
  3 scorpions
  A howler monkey (D:6)
  3 jellies
  2 iguanas
  4 orc wizards
  A gnoll (D:3)
  8 adders
  2 shadow imps (D:6)
  4 white imps
  4 ufetubi
  A worm (D:2)
  3 dart slugs
  12 orcs
  5 ball pythons
  7 bats
  6 endoplasms
  A giant cockroach (D:2)
  8 goblins
  8 hobgoblins
  3 kobolds
  4 quokkas
  4 frilled lizards
  6 rats
106 creatures vanquished.

Vanquished Creatures (collateral kills)
  Edmund (D:6)
  A water moccasin (D:5)
  A black bear (D:6)
  An ogre (D:6)
  A scorpion (D:6)
  A quasit (D:6)
  2 hounds
  An iguana (D:6)
  An orc wizard (D:5)
  2 adders (D:6)
  7 shadow imps (D:6)
  6 white imps (D:6)
  An ufetubus (D:6)
  7 orcs
  A hobgoblin (D:4)
34 creatures vanquished.

Vanquished Creatures (others)
  An orc wizard (D:5)
  10 orcs
  5 demonic plants (D:6)
16 creatures vanquished.

Grand Total: 156 creatures vanquished

Notes
Turn   | Place    | Note
-------+----------+-------------------------------------------
     0 | D:1      | Farlane the Hill Orc Monk began the quest for the Orb.
     0 | D:1      | Reached XP level 1. HP: 19/19 MP: 1/1
   370 | D:1      | Found a faded altar of an unknown god.
   374 | D:1      | Reached XP level 2. HP: 27/27 MP: 2/2
  1149 | D:2      | Reached XP level 3. HP: 18/33 MP: 3/3
  1287 | D:2      | Reached skill level 5 in Axes
  1508 | D:2      | Became a worshipper of Beogh the Brigand
  1508 | D:2      | Reached * piety under Beogh
  1508 | D:2      | Reached ** piety under Beogh
  2097 | D:3      | Reached skill level 1 in Armour
  2097 | D:3      | Reached XP level 4. HP: 35/41 MP: 4/4
  2301 | D:3      | Reached skill level 1 in Invocations
  2708 | D:3      | Reached XP level 5. HP: 38/47 MP: 6/6
  2771 | D:3      | Found a blossoming altar of Fedhas.
  2792 | D:3      | Found a shimmering blue altar of Sif Muna.
  2899 | D:3      | Got Sif Muna's Dissertation on Arson
  2904 | D:3      | Found a bloodstained altar of Trog.
  3369 | D:4      | Reached *** piety under Beogh
  3379 | D:4      | Found a hide-covered altar of Uskayaw.
  3410 | D:4      | Reached skill level 6 in Axes
  3541 | D:4      | Reached XP level 6. HP: 40/55 MP: 7/7
  4111 | D:5      | Entered Level 5 of the Dungeon
  4123 | D:5      | Found an ornate altar of the Wu Jian Council.
  4205 | D:5      | Reached skill level 5 in Fighting
  4213 | D:5      | Reached XP level 7. HP: 55/61 MP: 9/9
  4346 | D:5      | Reached skill level 7 in Axes
  4643 | D:5      | Found an iron altar of Okawaru.
  4697 | D:5      | Noticed diceflayer's ghost (novice DsGl)
  4714 | D:5      | Found a runed translucent gate.
  4714 | D:5      | Found a runed translucent gate.
  4750 | D:5      | Found a runed translucent gate.
  5060 | D:6      | Found Tiomeoc's Antique Armour Shoppe.
  5069 | D:6      | Found Diol's Armour Boutique.
  5076 | D:6      | Found Roirame's Jewellery Boutique.
  5111 | D:6      | Found Kukheg's Weapon Boutique.
  5155 | D:6      | Found Vantawis's Gadget Gallery.
  5265 | D:6      | Noticed Edmund
  5272 | D:6      | Killed Edmund
  5273 | D:6      | Reached XP level 8. HP: 47/69 MP: 11/11
  5369 | D:6      | Reached skill level 8 in Axes
  5378 | D:6      | Reached **** piety under Beogh
  5425 | D:6      | Gained Argrim as an ally
  5439 | D:6      | Reached skill level 5 in Armour
  5597 | D:6      | Found a snail-covered altar of Cheibriados.
  5864 | D:6      | Reached skill level 5 in Invocations
  6097 | D:6      | Found Veicifud's Book Shoppe.
  6401 | D:7      | Identified the +8 mace "Yronomax" {heavy, rPois}
  6434 | D:7      | Was placed under penance by Beogh
  6435 | D:7      | Your ally Argrim died
  6435 | D:7      | Killed by an exploding Argrim... ignited by their inner
                  | flame

Illustrated notes

Levels and vault maps discovered:
D:1:      lemuel_arrival_funnel, layout_loops_corners,
          ebering_ecumenical_altar_rust
D:2:      layout_basic
D:3:      minmay_door_path, layout_basic, nzn_overflow_gifts_of_might_and_magic,
          mainiacjoe_overflow_small_starburst
D:4:      layout_basic, nicolae_uskayaw_murder_on_the_dancefloor
D:5:      layout_rooms, okawaru_trees_2, lemuel_round_altar,
          gammafunk_ghost_split, kennysheep_generic_room_12
D:6:      layout_basic, mainiacjoe_overflow_24_doors, serial_shops, shop, shop,
          shop, shop, shop_fountains, serial_demonic, serial_demonic_e,
          serial_demonic_c, serial_demonic_e, serial_demonic_d,
          serial_demonic_e, serial_demonic_a, serial_demonic_c,
          serial_demonic_a, serial_demonic_d, serial_demonic_e,
          nicolae_shop_gadgets, uniq_edmund
D:7:      nicolae_whirlpool, layout_cave_pools,
          minmay_temple_entry_statues_fountains, serial_shops,
          nicolae_diamond_shop, water_maze_lemuel, uniq_maggie

Skill      XL: |  1  2  3  4  5  6  7  8 |
---------------+-------------------------+-----
Fighting       | 4 5 6 |  6.2
Axes           | 5 6 7 8 |  8.9
Armour         | 1 2 3 4 5 |  5.3
Invocations    | 1 2 3 4 5 |  5.5
Dodging        | 3 |  3.3

Action                     |  1- 3 |  4- 6 |  7- 9 || total
---------------------------+-------+-------+-------++-------
  Melee: Hand axe          |    95 |   171 |    91 ||   357
         Battleaxe         |       |       |     7 ||     7
  Throw: Boomerang         |       |       |     2 ||     2
 Invoke: Convert to Beogh  |     1 |       |       ||     1
    Use: Scroll            |       |     4 |     2 ||     6
         Potion            |       |       |     2 ||     2
 Armour: Robe              |     3 |       |       ||     3
         Ring mail         |    19 |    19 |       ||    38
         Scale mail        |       |    34 |    32 ||    66
         Plate armour      |       |       |    16 ||    16
         Skin              |       |       |     3 ||     3
  Dodge: Dodged            |    47 |    91 |    90 ||   228
